 Dungeon Sprint DCSS version 0.28-a0-1142-gc8569940dd (webtiles) character file.

Game seed: 9859321398404548589

728 MordorOrchid the Prestidigitator (level 7, -2/66 HPs)
             Began as a Troll Air Elementalist on Dec 13, 2021.
             Was a Follower of Sif Muna.
             Slain by a two-headed ogre (22 damage)
             ... in the Dungeon (Sprint IX: "|||||||||||||||||||||||||||||").
             The game lasted 00:02:53 (139 turns).

MordorOrchid the Prestidigitator (TrAE)              Turns: 139, Time: 00:02:53

Health: -2/66      AC:  4    Str: 20    XL:     7   Next: 44%
Magic:  9/9        EV: 12    Int: 13    God:    Sif Muna [*.....]
Gold:   0          SH:  0    Dex: 10    Spells: 3/11 levels left

rFire   . . .      SeeInvis .     - Unarmed
rCold   . . .      Faith    .   (no shield)
rNeg    . . .      Spirit   .   a - +0 robe
rPois   .          Reflect  .   (helmet restricted)
rElec   .          Harm     .   (no cloak)
rCorr   .          Rampage  .   (gloves unavailable)
Will    .....      NoTele   +   (boots unavailable)
Stlth   +.........              (no amulet)
HPRegen 1.01/turn               n - +2 ring of evasion
MPRegen 0.11/turn               m - +3 ring of strength

@: invisible (expiring)
A: large, unfitting armour, claws 3, regeneration 1, shaggy fur 1, tough skin 1
a: Renounce Religion, Channel Magic


You were in the Dungeon.
You worshipped Sif Muna.
Sif Muna was aware of your devotion.
You visited 1 branch

Inventory:

Hand Weapons
 i - a +2 halberd of venom
 j - the +4 quarterstaff of Exquisite Torment {speed, rCorr MP+9 Int+3}
   (You found it in the Dungeon)

   Attacks with this weapon are significantly faster.
   Int:       It affects your intelligence (+3).
   MP:        It affects your magic capacity (+9).
   rCorr:     It protects you from acid and corrosion.
 k - a +2 rapier of venom
 l - a +2 scimitar of flaming
Armour
 a - a +0 robe (worn)
Jewellery
 m - a +3 ring of strength (right claw)
 n - a +2 ring of evasion (left claw)
Wands
 h - a wand of acid (7)
Scrolls
 f - 2 scrolls of amnesia
 g - 2 scrolls of blinking
Potions
 b - 5 potions of curing
 c - 3 potions of heal wounds
 e - 4 potions of magic


   Skills:
 - Level 2.3 Fighting
 - Level 3.4 Dodging
 - Level 1.1 Stealth
 - Level 3.0 Unarmed Combat
 - Level 2.5 Spellcasting
 - Level 2.2 Conjurations
 - Level 4.2 Air Magic
 + Level 10.4 Evocations


You had 3 spell levels left.
You knew the following spells:

 Your Spells              Type           Power      Damage    Failure   Level
a - Shock                 Conj/Air       40%        1d5       6%          1
b - Airstrike             Air            6%         N/A       38%         4
w - Swiftness             Air            12%        N/A       13%         3

Your spell library contained the following spells:

 Spells                   Type           Power      Damage    Failure   Level
 Static Discharge         Conj/Air       10%        N/A       10%         2


Dungeon Overview and Level Annotations

Branches:
Dungeon (1/1)

Altars:
Cheibriados
Dithmenos
Elyvilon
Fedhas
Gozag
Hepliaklqana
Kikubaaqudgha
Makhleb
Nemelex Xobeh
Okawaru
Qazlal
Ru
Sif Muna
Trog
Uskayaw
Vehumet
Wu Jian
Xom
Yredelemnul
Zin
The Shining One
Beogh
Jiyva
Lugonu


Innate Abilities, Weirdness & Mutations

You are too large for most types of armour.
You have claws for hands.
Your natural rate of healing is unusually fast.
You are covered in fur. (AC +1)
You have tough skin. (AC +1)


Message History

You kill the yak!
Sif Muna accepts your kill.
Your Evocations skill gained 4 levels and is now at level 6!
You have reached level 6!
You feel stronger.
Unknown command.
You scratch the komodo dragon.
You kill the komodo dragon!
Sif Muna accepts your kill.
You can now call upon Sif Muna for magical energy.
Your Evocations skill gained 2 levels and is now at level 8!
You scratch the gargoyle.
The gargoyle is heavily damaged.
You scratch the gargoyle.
The gargoyle is severely damaged.
You flicker for a moment.
The gargoyle hurls a stone arrow at you.
The stone arrow hits you!
You scratch the gargoyle.
You claw the gargoyle, but do no damage.
The gargoyle is severely damaged.
The gargoyle hits you with a +0 mace!!
* * * LOW HITPOINT WARNING * * *
Aiming: Corrosive Bolt
Press: ? - help, Shift-Dir - straight line, f - gargoyle
Aim: a gargoyle, wielding a +0 mace (severely damaged, covered in acid, 88% to hit)
The bolt of acid hits the gargoyle!
The gargoyle seems to be corroded for longer.
You destroy the gargoyle!
Sif Muna accepts your kill.
The bolt of acid hits the two-headed ogre!
The two-headed ogre seems to be corroded for longer.
The two-headed ogre is heavily wounded.
Your Evocations skill gained 2 levels and is now at level 10!
You have reached level 7!
You barely miss the two-headed ogre.
The two-headed ogre is heavily wounded.
The two-headed ogre misses you.
The two-headed ogre hits you with a +0 giant club!!
You die... ▓▓▓▓▓▓▓▓▓▓▓▓▓▓▓▓▓▓▓▓▓▓▓▓ +...Z.O@..[[[.)..'______ ▓▓▓▓▓▓▓▓▓▓▓▓▓▓▓▓▓▓▓▓▓▓▓▓

You could see a two-headed ogre (corroded) and a bat zombie (wandering).

Vanquished Creatures
  A gargoyle (D)
  A komodo dragon (D)
  A yak (D)
  An ice beast (D)
  An orc wizard (D)
  An ufetubus (D)
  An adder skeleton (D)
  A worm (D)
  A ball python (D)
  An endoplasm (D)
  2 hobgoblins (D)
  A kobold (D)
  A quokka (D)
14 creatures vanquished.

Notes
Turn   | Place    | Note
-------+----------+-------------------------------------------
     0 | D        | MordorOrchid the Troll Air Elementalist began the quest for
                  | the Orb.
     0 | D        | Reached XP level 1. HP: 16/16 MP: 1/1
    26 | D        | Noticed an ice beast
    35 | D        | Reached XP level 2. HP: 22/24 MP: 1/3
    43 | D        | Killed an ice beast
    44 | D        | Reached XP level 3. HP: 35/35 MP: 1/5
    44 | D        | Reached XP level 4. HP: 42/42 MP: 1/6
    55 | D        | Found a snail-covered altar of Cheibriados.
    55 | D        | Found a shadowy altar of Dithmenos.
    55 | D        | Found a white marble altar of Elyvilon.
    55 | D        | Found a blossoming altar of Fedhas.
    55 | D        | Found an opulent altar of Gozag.
    56 | D        | Found a hazy altar of Hepliaklqana.
    57 | D        | Found a viscous altar of Jiyva.
    58 | D        | Found an ancient bone altar of Kikubaaqudgha.
    59 | D        | Found a corrupted altar of Lugonu.
    60 | D        | Found a burning altar of Makhleb.
    61 | D        | Found a sparkling altar of Nemelex Xobeh.
    62 | D        | Found an iron altar of Okawaru.
    63 | D        | Found a stormy altar of Qazlal.
    64 | D        | Found a sacrificial altar of Ru.
    65 | D        | Found a shimmering blue altar of Sif Muna.
    66 | D        | Found a bloodstained altar of Trog.
    67 | D        | Found a hide-covered altar of Uskayaw.
    68 | D        | Found a radiant altar of Vehumet.
    69 | D        | Found an ornate altar of the Wu Jian Council.
    70 | D        | Found a shimmering altar of Xom.
    71 | D        | Found a basalt altar of Yredelemnul.
    72 | D        | Found a glowing silver altar of Zin.
    73 | D        | Became a worshipper of Sif Muna the Loreminder
    74 | D        | Found a glowing golden altar of the Shining One.
    90 | D        | Got the +4 quarterstaff of Exquisite Torment {speed, rCorr
                  | MP+9 Int+3}
   106 | D        | Learned a level 4 spell: Airstrike
   110 | D        | Learned a level 3 spell: Swiftness
   111 | D        | Noticed a two-headed ogre
   111 | D        | Noticed a gargoyle
   111 | D        | Noticed a komodo dragon
   111 | D        | Noticed a yak
   128 | D        | Reached skill level 2 in Evocations
   128 | D        | Reached XP level 5. HP: 49/50 MP: 7/7
   133 | D        | Killed a yak
   134 | D        | Reached skill level 6 in Evocations
   134 | D        | Reached XP level 6. HP: 41/58 MP: 8/8
   134 | D        | Killed a komodo dragon
   134 | D        | Reached * piety under Sif Muna
   135 | D        | Reached skill level 8 in Evocations
   138 | D        | Killed a gargoyle
   139 | D        | Reached skill level 10 in Evocations
   139 | D        | Reached XP level 7. HP: 19/66 MP: 9/9
   139 | D        | Slain by a two-headed ogre

Illustrated notes

Levels and vault maps discovered:
D:        linesprint [early_d, line_temple, items_1, d_10, items_2, lair_1,
          lair_end, items_3, orc_1, orc_end, items_4, d_15, swamp_1, shoals_1,
          snake_1, spider_1, d_20, vaults_1, items_5, swamp_end, shoals_end,
          snake_end, spider_end, vaults_end, d_27, items_6, zot_1, zot_end,
          crypt_end, forest_end, elf_end, slime_end, tomb_end, abyss_end,
          pan_hell_end]

Skill      XL: |  1  2  3  4  5  6 |
---------------+-------------------+-----
Dodging        | 2 3 |  3.4
Air Magic      | 3 4 |  4.2
Fighting       | 2 |  2.3
Unarmed Combat | 2 3 |  3.0
Spellcasting   | 2 |  2.5
Conjurations   | 2 |  2.2
Evocations     | 2 6 10 | 10.4
Stealth        | |  1.1

Action                   |  1- 3 |  4- 6 |  7- 9 || total
-------------------------+-------+-------+-------++-------
Melee: Unarmed           |    29 |    22 |     1 ||    52
       Punch             |       |     2 |       ||     2
Evoke: Wand              |       |     3 |       ||     3
  Use: Potion            |     2 |     1 |       ||     3
 Stab: Invisible         |       |     3 |       ||     3
Armor: Robe              |    10 |     3 |       ||    13
Dodge: Dodged            |     9 |     5 |     1 ||    15

Table legend: (Time is in decaauts)
 A = Elapsed time spent in this place.
 B = Non-inter-level travel time spent in this place.
 C = Inter-level travel time spent in this place.
 D = Time resting spent in this place.
 E = Time spent auto-exploring this place.
 F = Levels seen in this place.
 G = Mean time per level.
                   A        B        C        D        E       F      G
               +--------+--------+--------+--------+--------+-----+--------+
         Total |    131 |    131 |      0 |      0 |      0 |   1 |  131.0 |
       Dungeon |    131 |    131 |      0 |      0 |      0 |   1 |  131.0 |
               +--------+--------+--------+--------+--------+-----+--------+

Top non-repeatable levels by time:
       D: 131 daAuts
